 Dungeon Crawl Stone Soup version 0.30-a0-393-g54b8e3be05 (webtiles) character file.

Game seed: 6791648435035005796

80265 zishaf the Unseen (level 15, -4/109 (120) HPs)
             Began as a Vampire Enchanter on Dec 5, 2022.
             Was the Champion of Wu Jian.
             Killed from afar by a necromancer (29 damage)
             ... with a bolt of negative energy
             ... in an ice cave.
             The game lasted 01:01:31 (25259 turns).

zishaf the Unseen (Vampire Enchanter)              Turns: 25259, Time: 01:01:32

HP:   -4/109 (120)  AC: 13    Str: 15    XL:     15   Next: 23%
MP:   14/27         EV: 14    Int: 28    God:    Wu Jian [******]
Gold: 252           SH:  7    Dex: 13    Spells: 9/30 levels left

rFire   + + .      SeeInvis +    a - +2 dagger (venom)
rCold   + + .      Faith    .    o - +2 buckler
rNeg    . . .      Spirit   .    Y - +2 leather armour {rC+ rF+}
rPois   +          Reflect  .    I - +2 hat {Will+}
rElec   .          Harm     .    G - +2 cloak {rPois}
rCorr   .          Rampage  .    k - +1 pair of gloves {Str+3}
Will    ++...                    Q - +0 pair of boots
Stlth   ++++++....               (no amulet)
HPRegen 0.58/turn                i - +4 ring of slaying
MPRegen 0.20/turn                X - ring of Bimaecsa {Wiz +Blink rF+ rC+ Str+2}

@: confusing by touch, healing quickly, drained
A: alive, fangs 3, see invisible, vampiric 2, clever 1, strong 1
a: Exsanguinate, Renounce Religion, Evoke Blink, Wall Jump, Serpent's Lash,
Heavenly Storm


You were in an ice cave.
You worshipped Wu Jian.
Wu Jian was exalted by your worship.
You visited 4 branches of the dungeon, and saw 21 of its levels.
You also visited: Ossuary and Ice Cave.

You collected 3204 gold pieces.
You spent 2952 gold pieces at shops.

Inventory:

Hand Weapons
 a - a +2 dagger of venom (weapon)
 b - a +1 vampiric long sword
 y - a +2 dagger of draining
Missiles
 f - 5 throwing nets (quivered)
Armour
 h - the +1 robe of Vines {NoPotionHeal Regen++++}
   (You found it on level 5 of the Lair of Beasts)

   Its wearer cannot be healed by potions.
   Regen:     It increases your rate of health regeneration.
 k - a +1 pair of gloves of strength (worn)
 o - a +2 buckler (worn)
 E - +0 steam dragon scales
 G - a +2 cloak of poison resistance (worn)
 I - a +2 hat of willpower (worn)
 Q - a +0 pair of boots (worn)
 W - a +2 robe of cold resistance
 Y - a +2 leather armour of resistance (worn)
Magical Staves
 w - a staff of cold
Jewellery
 i - a +4 ring of slaying (left hand)
 r - a +4 ring of evasion
 O - a ring of magical power
 P - a +6 ring of intelligence
 X - the ring of Bimaecsa (right hand) {Wiz +Blink rF+ rC+ Str+2}
   (You bought it in a shop on level 1 of the Orcish Mines)

   [ring of wizardry]

   It improves your spell success rate.
   Str:       It affects your strength (+2).
   rF:        It protects you from fire.
   rC:        It protects you from cold.
   +Blink:    It lets you blink.
Wands
 j - a wand of paralysis (5)
 s - a wand of flame (15)
 F - a wand of quicksilver (9)
 H - a wand of mindburst (26)
 K - a wand of digging (6)
 R - a wand of polymorph (7)
Scrolls
 l - 15 scrolls of teleportation
 q - 4 scrolls of enchant armour
 z - 5 scrolls of magic mapping
 C - 2 scrolls of poison
 D - 4 scrolls of blinking
 J - a scroll of fear
 M - 3 scrolls of amnesia
 N - 3 scrolls of fog
 S - a scroll of enchant weapon
 T - a scroll of summoning
Potions
 c - 5 potions of invisibility
 d - 3 potions of brilliance
 e - 13 potions of ambrosia
 g - a potion of magic
 m - 3 potions of cancellation
 n - 7 potions of might
 p - 14 potions of curing
 t - 2 potions of attraction
 u - a potion of lignification
 v - 2 potions of resistance
 x - 4 potions of haste
 A - 3 potions of flight
 B - a potion of berserk rage
 L - 4 potions of mutation
 U - 2 potions of heal wounds
Miscellaneous
 V - a condenser vane (inert)


   Skills:
 + Level 12.1 Fighting
 - Level 8.0(8.7) Short Blades
 + Level 4.7(6.7) Long Blades
 - Level 2.0 Armour
 + Level 7.1 Dodging
 - Level 17.0 Stealth
 + Level 6.8 Shields
 + Level 8.2 Spellcasting
 + Level 15.0 Hexes
 - Level 4.0 Translocations
 - Level 9.0 Ice Magic
 + Level 4.8 Evocations


You had 9 spell levels left.
You knew the following spells:

 Your Spells              Type           Power      Damage    Failure   Level
a - Ensorcelled Hibernat  Hex/Ice        100%       N/A       1%          2
b - Tukima's Dance        Hex            77%        N/A       1%          3
c - Discord               Hex            38%        N/A       38%         8
A - Confusing Touch       Hex            77%        N/A       1%          3
B - Frozen Ramparts       Ice            100%       1d16      1%          3
C - Blink                 Tloc           66%        N/A       1%          2

Your spell library contained the following spells:

 Spells                   Type           Power      Damage    Failure   Level
 Freeze                   Ice            100%       1d10      1%          1
 Momentum Strike          Conj/Tloc      44%        3d9       1%          2
 Dazzling Flash           Conj/Hex       100%       N/A       1%          3
 Hailstorm                Conj/Ice       36%        3d9       1%          3
 Inner Flame              Hex/Fire       52%        N/A       1%          3
 Lesser Beckoning         Tloc           66%        N/A       1%          3
 Cigotuvi's Dreadful Rot  Necr/Pois/Air  22%        N/A       4%          2
 Poisonous Vapours        Pois/Air       22%        N/A       4%          2
 Sublimation of Blood     Necr           11%        N/A       4%          2
 Wereblood                Tmut           11%        N/A       4%          2
 Ice Form                 Ice/Tmut       36%        N/A       4%          4
 Summon Ice Beast         Ice/Summ       36%        N/A       4%          4
 Silence                  Hex/Air        26%        N/A       4%          5
 Manifold Assault         Tloc           33%        N/A       6%          4
 Ignite Poison            Fire/Tmut/Pois 11%        N/A       9%          3
 Mephitic Cloud           Conj/Pois/Air  11%        N/A       9%          3
 Flame Wave               Conj/Fire      11%        2d6       28%         4
 Sticky Flame             Conj/Fire      11%        2d3       28%         4
 Summon Lightning Spire   Summ/Air       11%        N/A       28%         4
 Agony                    Necr           11%        N/A       61%         5
 Dispersal                Tloc           16%        N/A       63%         6
 Conjure Ball Lightning   Conj/Air       5%         3x3d7     98%         6
 Storm Form               Tmut/Air       5%         N/A       100%        7
 Summon Hydra             Summ           5%         N/A       100%        7
 Disjunction              Tloc           16%        N/A       100%        8
 Ignition                 Fire           5%         3d4       100%        8
 Maxwell's Capacitive Co  Air            5%         ∞         100%        8


Dungeon Overview and Level Annotations

Branches:
Dungeon (13/15)            Temple (1/1) D:5            Lair (5/5) D:10
  Swamp (0/4) Lair:3       Spider (0/4) Lair:2        Slime (0/5) Lair:4
    Orc (2/2) D:9             Elf (0/3) Orc:2       Ossuary (visited)
  IceCv (1/1)
 Vaults: D:13-14

Altars:
Ashenzari
Cheibriados
Dithmenos
Fedhas
Gozag
Hepliaklqana
Kikubaaqudgha
Makhleb
Nemelex Xobeh
Okawaru
Qazlal
Ru
Sif Muna
Trog
Uskayaw
Vehumet
Wu Jian
Xom
Yredelemnul
Jiyva

Shops:
D:5 =(*?   D:10 !   D:12 *   Orc:1 =   Orc:2 [*([

Annotations:
D:12 exclusion: obsidian statue
Lair:4 1 runed translucent door IceCv exclusion: ice statue


Innate Abilities, Weirdness & Mutations

Your natural rate of healing is accelerated.
You have razor-sharp teeth.
You have supernaturally acute eyesight. (SInv)
You are afflicted with vampirism and can become a bat while bloodless.
Your mind is acute. (Int +4, Str/Dex -1)
Your muscles are strong. (Str +4, Int/Dex -1)


Message History

The ice devil hits you but does no damage.
You spin and attack the ice devil repeatedly.
You hit the ice devil but do no damage.
The ice devil appears confused.
You hit the ice devil but do no damage.
The ice devil is poisoned.
The ice devil barely misses the ice devil.
You hit the ice devil.
The ice devil is lightly wounded.
You hit the ice devil but do no damage.
The ice devil is lightly wounded.
The ice devil hits you but does no damage.
Okay, then.
Casting: Confusing Touch (safe; 1% risk of failure)
Confirm with . or Enter, or press ? or * to list all spells.
Your hands begin to glow red.
The ice devil hits you. The ice devil freezes you. You resist.
The ice devil hits you but does no damage.
The ice devil closely misses you.
You hit the ice devil but do no damage.
The ice devil hits you but does no damage.
The ice devil barely misses you. The ice devil hits you.
The ice devil freezes you. You resist.
You hit the ice devil but do no damage.
The ice devil appears confused.
You bite the ice devil, but do no damage.
Casting: Confusing Touch (safe; 1% risk of failure)
Confirm with . or Enter, or press ? or * to list all spells.
Your hands begin to glow red.
The ice devil hits you!
* * * LOW HITPOINT WARNING * * *
The ice devil freezes you. You resist.
* * * LOW HITPOINT WARNING * * *
The ice devil closely misses you.
The ice devil hits the cane toad simulacrum!
The ice devil freezes the cane toad simulacrum.
The cane toad simulacrum completely resists.
The necromancer points at you and mumbles some strange words.
The bolt of negative energy hits the cane toad simulacrum.
The cane toad simulacrum completely resists.
The bolt of negative energy hits the ice devil.
The ice devil completely resists.
The bolt of negative energy hits you!!
You feel drained.
You die...

## ####≈≈≈≈≈# #
##.####≈#≈#
##...###..#####
#..#.....####.#
##..##.....##..##
#..###.....##...#
##..###.......##.#
#..###........#..#
#..#
#.......##4@##
..##
#......####44# .##
##......# ##Z# .#
##..#8..## #.p#
####..###.)# #..#
# #..## #[[# ##.##
# ##..###### #p.#
###..## ##.##
##.##..# #..##


You could see 3 ice devils, a necromancer and a cane toad simulacrum.

Vanquished Creatures
  Gastronok (D:9)
  Kirke (Lair:5)
  Nessos (D:12)
  6 hydras
  4 ogre magi (Orc:2)
  A merfolk avatar (Lair:5)
  2 catoblepae
  A centaur warrior (D:13)
  Harold (Orc:1)
  19 two-headed ogres
  Erica (D:11)
  An orc high priest (Orc:1)
  Nergalle (Orc:1)
  Sonja (Orc:2)
  Amaemon (Lair:1)
  3 skeletal warriors
  2 sea snakes (Lair:5)
  2 orc knights
  A lindwurm (Lair:3)
  An oklob plant (Lair:5)
  2 wolf spiders (Lair:2)
  3 orc sorcerers
  6 elephants
  2 ugly things (D:12)
  Maurice (D:8)
  6 black mambas
  3 gargoyles
  An orange demon (Lair:1)
  20 cane toads
  Maggie (D:8)
  6 rime drakes
  3 komodo dragons
  2 anaconda simulacra
  8 freezing wraiths (IceCv)
  7 ice devils (IceCv)
  4 trolls
  A queen bee (Lair:1)
  5 polar bears
  A hornet (Lair:5)
  9 blink frogs
  Grinder (D:6)
  4 dream sheep (Lair:4)
  Prince Ribbit (D:7)
  2 wind drakes (Lair:5)
  A culicivora (Lair:2)
  A jumping spider (Lair:2)
  4 wraiths
  37 yaks
  2 dire elephant simulacra
  4 wyverns
  2 hogs (Lair:5)
  A shadow (D:10)
  2 steam dragons
  3 death yak simulacra (IceCv)
  5 basilisks
  A harpy simulacrum (IceCv)
  Menkaure (D:7)
  4 wargs (Orc:1)
  2 hydra simulacra (IceCv)
  15 water moccasins
  Duvessa (D:7)
  5 ice beasts
  2 black bears
  22 orc warriors
  A sky beast (D:8)
  A black mamba simulacrum (Lair:3)
  3 centaurs
  7 wolves
  31 ogres
  4 phantoms
  8 kobold brigands
  4 scorpions
  A two-headed ogre simulacrum (IceCv)
  An elf zombie (Ossuary)
  3 gnoll sergeants
  9 bullfrogs
  8 cane toad simulacra (IceCv)
  Dowan (D:7)
  4 wights
  4 elephant simulacra (IceCv)
  36 killer bees
  A dream sheep simulacrum (Lair:3)
  5 howler monkeys
  8 hounds
  4 jellies
  15 orc priests
  A water moccasin simulacrum (Lair:3)
  A gnoll bouda (D:6)
  3 iguanas
  Terence (D:2)
  27 orc wizards
  A spriggan simulacrum (IceCv)
  A polar bear simulacrum (IceCv)
  3 wolf simulacra (IceCv)
  4 mummies
  7 adders
  14 gnolls
  16 white imps
  2 ufetubi (IceCv)
  2 dart slugs
  2 worms
  65 orcs
  3 endoplasms
  3 giant cockroaches
  5 hobgoblins
  5 jackals
  5 quokkas
  4 ball pythons
  6 bats
  2 frilled lizards
  6 goblins
  2 goblin zombies
  6 hobgoblin zombies
  39 kobolds
  2 kobold zombies (Ossuary)
  8 rats
670 creatures vanquished.

Vanquished Creatures (others)
  A human (Lair:5)
  2 orc wizards
  A bush (Lair:5)
  25 fungi
  111 plants
  4 withered plants (D:10)
144 creatures vanquished.

Grand Total: 814 creatures vanquished

Notes
Turn   | Place    | Note
-------+----------+-------------------------------------------
     0 | D:1      | zishaf the Vampire Enchanter began the quest for the Orb.
     0 | D:1      | Reached XP level 1. HP: 13/13 MP: 3/3
   170 | D:1      | Reached XP level 2. HP: 13/20 MP: 5/5
   175 | D:1      | Learned a level 2 spell: Ensorcelled Hibernation
   722 | D:1      | Gained mutation: You are afflicted with vampirism and can
                  | become a bat while bloodless. [Vampire growth]
   722 | D:1      | Reached XP level 3. HP: 25/25 MP: 3/6
   747 | D:1      | Learned a level 3 spell: Confusing Touch
   763 | D:1      | Reached skill level 5 in Stealth
   766 | D:1      | Reached skill level 1 in Fighting
  1218 | D:2      | Noticed Terence
  1234 | D:2      | Killed Terence
  1235 | D:2      | Reached skill level 5 in Hexes
  1235 | D:2      | Reached skill level 1 in Ice Magic
  1235 | D:2      | Reached XP level 4. HP: 16/32 MP: 3/7
  2185 | D:4      | Noticed a phantom
  2309 | D:4      | Found a shadowy altar of Dithmenos.
  2320 | D:4      | Reached XP level 5. HP: 36/37 MP: 3/8
  2385 | D:3      | Learned a level 3 spell: Tukima's Dance
  2568 | D:4      | Reached skill level 6 in Stealth
  2784 | D:4      | Killed a phantom
  2785 | D:4      | Reached XP level 6. HP: 43/44 MP: 7/10
  3227 | D:5      | Entered Level 5 of the Dungeon
  3227 | D:5      | Found Payziod's Assorted Antiques.
  3364 | D:4      | Reached XP level 7. HP: 23/51 MP: 6/11
  3490 | D:5      | Reached skill level 7 in Stealth
  3601 | D:5      | Found Doeteuf's Weapon Shop.
  3726 | D:5      | Found an iron altar of Okawaru.
  3767 | D:5      | Found Xiocaota's Magic Scroll Boutique.
  4042 | D:5      | Reached XP level 8. HP: 58/58 MP: 12/12
  4111 | D:5      | Reached skill level 8 in Stealth
  4285 | D:5      | Learned a level 3 spell: Frozen Ramparts
  4325 | D:5      | Found a staircase to the Ecumenical Temple.
  4417 | D:5      | Found Vodiec's Jewellery Boutique.
  4489 | Temple   | Entered the Ecumenical Temple
  4665 | D:6      | Noticed Grinder
  4680 | D:6      | Killed Grinder
  4681 | D:6      | Reached skill level 1 in Shields
  4803 | D:6      | Reached skill level 5 in Short Blades
  5326 | D:6      | Reached skill level 5 in Ice Magic
  5463 | D:6      | Reached skill level 9 in Stealth
  5463 | D:6      | Reached XP level 9. HP: 65/65 MP: 8/13
  6126 | D:7      | Noticed Dowan
  6167 | D:7      | Found a sand-covered staircase.
  6180 | Ossuary  | Entered an ossuary
  6708 | D:7      | Noticed Duvessa
  6715 | D:7      | Killed Duvessa
  6718 | D:7      | Killed Dowan
  6923 | D:7      | Noticed Menkaure
  6930 | D:7      | Killed Menkaure
  6982 | D:7      | Noticed Prince Ribbit
  6989 | D:7      | Killed Prince Ribbit
  6990 | D:7      | Reached skill level 10 in Stealth
  7032 | D:7      | Reached skill level 5 in Fighting
  7050 | D:7      | Found an ornate altar of the Wu Jian Council.
  7074 | D:7      | Became a worshipper of the Wu Jian Council
  7546 | D:7      | Reached XP level 10. HP: 74/74 MP: 14/14
  7806 | D:8      | Gained mutation: You have a pair of small horns on your
                  | head. [potion of mutation]
  7807 | D:8      | Lost mutation: You have a pair of small horns on your head.
                  | [potion of mutation]
  7807 | D:8      | Gained mutation: You passively map a small area around you.
                  | [potion of mutation]
  7807 | D:8      | Gained mutation: You are weak. (Str -2) [potion of
                  | mutation]
  7808 | D:8      | Lost mutation: You are weak. (Str -2) [potion of mutation]
  7808 | D:8      | Lost mutation: You passively map a small area around you.
                  | [potion of mutation]
  7808 | D:8      | Gained mutation: Armour fits poorly on your strangely
                  | shaped body. [potion of mutation]
  7808 | D:8      | Gained mutation: You are covered in fur. (AC +1) [potion of
                  | mutation]
  7809 | D:8      | Lost mutation: Armour fits poorly on your strangely shaped
                  | body. [potion of mutation]
  7809 | D:8      | Lost mutation: You are covered in fur. (AC +1) [potion of
                  | mutation]
  7809 | D:8      | Gained mutation: Your spells are a little easier to cast,
                  | but a little less powerful. [potion of mutation]
  7809 | D:8      | Gained mutation: You are clumsy. (Dex -2) [potion of
                  | mutation]
  7809 | D:8      | Gained mutation: You are partially covered in iridescent
                  | scales. (AC +2) [potion of mutation]
  7878 | D:8      | Found a radiant altar of Vehumet.
  7903 | D:8      | Noticed Maggie
  7918 | D:8      | Killed Maggie
  8207 | D:8      | Reached * piety under Wu Jian
  8731 | D:8      | Noticed Maurice
  8737 | D:8      | Killed Maurice
  8738 | D:8      | Reached skill level 10 in Hexes
  8738 | D:8      | Reached skill level 1 in Evocations
  8753 | D:8      | Lost mutation: You are partially covered in iridescent
                  | scales. (AC +2) [potion of mutation]
  8753 | D:8      | Lost mutation: Your spells are a little easier to cast, but
                  | a little less powerful. [potion of mutation]
  8753 | D:8      | Lost mutation: You are clumsy. (Dex -2) [potion of
                  | mutation]
  8753 | D:8      | Gained mutation: Your mind is acute. (Int +4, Str/Dex -1)
                  | [potion of mutation]
  8753 | D:8      | Gained mutation: Your muscles are strong. (Str +4, Int/Dex
                  | -1) [potion of mutation]
  8833 | D:9      | Noticed a two-headed ogre
  8945 | D:9      | Killed a two-headed ogre
  9469 | D:9      | Noticed Gastronok
  9494 | D:9      | Killed Gastronok
  9495 | D:9      | Reached skill level 5 in Shields
  9495 | D:9      | Reached XP level 11. HP: 30/82 MP: 11/15
  9593 | D:9      | Found a staircase to the Orcish Mines.
  9846 | D:10     | Entered Level 10 of the Dungeon
  9861 | D:10     | Reached ** piety under Wu Jian
 10127 | D:5      | Bought a pair of glowing gloves for 165 gold pieces
 10374 | D:10     | Found a shimmering altar of Xom.
 10781 | D:10     | Found a staircase to the Lair.
 11010 | D:10     | Found an ancient bone altar of Kikubaaqudgha.
 11011 | D:10     | Found a blossoming altar of Fedhas.
 11050 | D:10     | Found Feav's Distillery.
 11059 | D:10     | Bought 2 potions of curing for 72 gold pieces
 11059 | D:10     | Bought a potion of mutation for 96 gold pieces
 11059 | D:10     | Bought a potion of heal wounds for 60 gold pieces
 11178 | D:10     | Found a burning altar of Makhleb.
 11279 | D:11     | Noticed a skeletal warrior
 11336 | Lair:1   | Entered Level 1 of the Lair of Beasts
 11410 | Lair:1   | Reached skill level 11 in Stealth
 11520 | Lair:1   | Noticed Amaemon
 11529 | Lair:1   | Killed Amaemon
 11661 | Lair:1   | Reached *** piety under Wu Jian
 11666 | Lair:1   | Reached skill level 12 in Stealth
 11920 | Lair:1   | Reached XP level 12. HP: 76/92 MP: 5/16
 11970 | Lair:1   | Reached skill level 13 in Stealth
 12179 | Lair:1   | Reached **** piety under Wu Jian
 12827 | Lair:2   | Reached skill level 14 in Stealth
 13476 | Lair:2   | Found a hole to the Spider Nest.
 13688 | Lair:3   | Found a staircase to the Swamp.
 13696 | Lair:3   | Reached skill level 15 in Stealth
 13751 | Lair:3   | Found a transporter.
 13772 | Lair:3   | Learned a level 2 spell: Blink
 13772 | Lair:3   | Noticed a four-headed hydra
 13779 | Lair:3   | Killed a four-headed hydra
 13896 | Lair:3   | Found a transporter.
 14090 | Lair:3   | Identified the +8 bardiche "Grim Tooth" {freeze, rC++ rN+
                  | Dex+5}
 14467 | Lair:3   | Reached skill level 10 in Fighting
 14467 | Lair:3   | Reached skill level 1 in Translocations
 14762 | Lair:4   | Noticed a catoblepas
 15203 | Lair:4   | Reached ***** piety under Wu Jian
 15204 | Lair:4   | Reached XP level 13. HP: 103/103 MP: 19/19
 15307 | Lair:4   | Reached skill level 16 in Stealth
 15713 | Lair:4   | Found a runed translucent door.
 15713 | Lair:4   | Found a viscous altar of Jiyva.
 15713 | Lair:4   | Found a staircase to the Slime Pits.
 15713 | Lair:4   | Noticed an acid blob
 15713 | Lair:4   | Noticed an acid blob
 15713 | Lair:4   | Noticed an acid blob
 15713 | Lair:4   | Noticed an acid blob
 15887 | Lair:5   | Entered Level 5 of the Lair of Beasts
 15913 | Lair:5   | Identified a scroll of acquirement
 15923 | Lair:5   | Acquired 1177 gold pieces
 15960 | Lair:5   | Reached skill level 5 in Spellcasting
 16165 | Lair:5   | Noticed Kirke
 16171 | Lair:5   | Killed Kirke
 16648 | Lair:5   | Reached skill level 17 in Stealth
 16883 | Lair:5   | Reached skill level 1 in Armour
 17396 | Lair:5   | Found the +1 robe of Vines {NoPotionHeal Regen++++}
 18220 | D:5      | Bought a +4 ring of evasion for 432 gold pieces
 18250 | D:5      | Bought 3 scrolls of teleportation for 117 gold pieces
 18250 | D:5      | Bought 3 scrolls of magic mapping for 292 gold pieces
 18250 | D:5      | Bought a scroll of enchant armour for 97 gold pieces
 18322 | D:5      | Bought a scroll of magic mapping for 165 gold pieces
 18322 | D:5      | Bought a jewelled fluorescent wand for 88 gold pieces
 18322 | D:5      | Bought a scroll of enchant weapon for 165 gold pieces
 18322 | D:5      | Bought a scroll of summoning for 209 gold pieces
 18579 | D:10     | Reached XP level 14. HP: 61/113 MP: 19/23
 19173 | D:11     | Noticed Erica
 19179 | D:11     | Killed Erica
 19911 | Orc:1    | Entered Level 1 of the Orcish Mines
 19984 | Orc:1    | Reached skill level 1 in Long Blades
 20065 | Orc:1    | Noticed Nergalle
 20072 | Orc:1    | Killed Nergalle
 20106 | Orc:1    | Learned a level 8 spell: Discord
 20200 | Orc:1    | Found Taen Zass's Jewellery Boutique.
 20244 | Orc:1    | Found a bloodstained altar of Trog.
 20467 | Orc:2    | Entered Level 2 of the Orcish Mines
 20861 | Orc:1    | Reached skill level 5 in Dodging
 21132 | Orc:2    | Reached ****** piety under Wu Jian
 21583 | Orc:1    | Noticed Harold
 21590 | Orc:1    | Killed Harold
 22239 | Orc:2    | Found Yfumm's Antique Armour Boutique.
 22239 | Orc:2    | Found Kohuro's Weapon Emporium.
 22239 | Orc:2    | Found Jiaggoig's Assorted Antiques.
 22239 | Orc:2    | Found Baygrus's Antique Armour Shop.
 22255 | Orc:2    | Found a staircase to the Elven Halls.
 22729 | Orc:2    | Noticed Sonja
 22732 | Orc:2    | Killed Sonja
 22806 | Orc:2    | Bought a potion of mutation for 248 gold pieces
 22857 | Orc:1    | Bought the ring of Bimaecsa {Wiz +Blink rF+ rC+ Str+2} for
                  | 746 gold pieces
 22916 | D:12     | Found Ajepuci's Assorted Antiques.
 23112 | D:12     | Noticed Nessos
 23120 | D:12     | Killed Nessos
 23248 | D:12     | Reached XP level 15. HP: 120/120 MP: 26/26
 23879 | D:13     | Found a frozen archway.
 23949 | IceCv    | Entered an ice cave
 24416 | IceCv    | Found an ancient bone altar of Kikubaaqudgha.
 24785 | IceCv    | Reached skill level 15 in Hexes
 25259 | IceCv    | Killed from afar by a necromancer

Illustrated notes

Levels and vault maps discovered:
D:1:      matt_arrival_refuge, layout_loops_ring, serial_forest,
          infiniplex_forest_clump_curved, infiniplex_forest_lined_ring,
          infiniplex_forest_join, infiniplex_forest_lined_ring,
          infiniplex_forest_end_3, infiniplex_forest_straight_2
D:2:      layout_rooms, uniq_terence
D:3:      layout_basic
D:4:      layout_loops_ring, nicolae_dithmenos_the_darkroom, st_stairs_1,
          grunt_ministairs_15
D:5:      layout_loops_ring, kennysheep_okawaru_gauntlet,
          minmay_temple_entry_nine_rooms, serial_shops, shop_statue,
          nicolae_shop_advertising_works [nicolae_subvault_shop_adworks], shop,
          kennysheep_mini, serial_bayou_pond_b
D:6:      layout_loops_corners, st_stairs_2, nicolae_grassy_gnolls, uniq_grinder
D:7:      layout_loops_corners, mainiacjoe_overflow_cross_hatched,
          nicolae_ossuary_entry_giza, minmay_misc_feat_enclosed,
          minmay_misc_feat_tower, uniq_duvessa, uniq_prince_ribbit1,
          uniq_menkaure
D:8:      layout_gridville, mainiacjoe_overflow_boulevard,
          kennysheep_generic_room_3, uniq_maurice, uniq_maggie
D:9:      layout_roguey, orc_0_dummy, uniq_gastronok
D:10:     layout_long_grid, overflow_temple_1_default,
          mainiacjoe_overflow_alcove_2, grunt_temple_overflow_growth_and_decay,
          hellmonk_lair_entry_icy, serial_shops, nicolae_lakefront_shop,
          serial_park_tiny_1
D:11:     layout_cave_pools, minmay_misc_feat_diagonals, hangedman_decor_lopped,
          uniq_erica
D:12:     wander_river, layout_irregular_city, serial_shops,
          nicolae_square_shop, minivault_16, uniq_nessos
D:13:     layout_cave_pools, skrybe_vaults_entry_preservation,
          portal_ice_cave_entry_imps
Temple:   zaba_magenta_temple
Lair:1:   layout_roguey [special_room_bee], serial_bayou_pond_c, uniq_amaemon
Lair:2:   layout_gridlike, spider_nest_entry_funnel_web, st_stairs_5
Lair:3:   gammafunk_cloud_chamber, layout_gridlike, swamp_mist,
          beast_lair_carwin_5
Lair:4:   layout_cave_pods, slime_entry_2, serial_forest,
          infiniplex_forest_clump_medium, infiniplex_forest_lined_4_way,
          infiniplex_forest_clump_curved, infiniplex_forest_clump_small,
          infiniplex_forest_join, infiniplex_forest_end_1,
          infiniplex_forest_corner_2, infiniplex_forest_lined_room_,
          nicolae_quartered_pool_impasse
Lair:5:   gammafunk_lair_ancient_temple, layout_regular_city,
          hellmonk_guarded_unrand_vines, serial_bayou_shore_b, uniq_kirke
Orc:1:    layout_caves, basic_altar, serial_shops, nicolae_diamond_shop,
          guppyfry_library_mini, uniq_nergalle, uniq_harold
Orc:2:    st_orc_ogre_mass, layout_caves, uniq_sonja
IceCv:    ice_cave_small_necro

Skill      XL: |  1  2  3  4  5  6  7  8  9 10 11 12 13 14 15 |
---------------+----------------------------------------------+-----
Stealth        | 5 6 7 9 10 12 15 17 | 17.0
Fighting       | 1 2 3 4 5 6 8 10 11 12 | 12.1
Short Blades   | 2 3 4 5 6 7 8 |  8.0
Hexes          | 5 6 7 8 9 11 12 13 14 15 | 15.0
Ice Magic      | 1 2 3 5 6 8 9 |  9.0
Spellcasting   | 3 4 6 7 8 |  8.2
Shields        | 2 3 5 6 |  6.8
Evocations     | 3 4 |  4.8
Translocations | 2 4 |  4.0
Armour         | 2 |  2.0
Dodging        | 4 6 7 |  7.1
Long Blades    | 4 |  4.7

Action                   |  1- 3 |  4- 6 |  7- 9 | 10-12 | 13-15 || total
-------------------------+-------+-------+-------+-------+-------++-------
Melee: Dagger            |    66 |       |   172 |   473 |  1077 ||  1788
       Bite              |     3 |     6 |    19 |    51 |   152 ||   231
       Short sword       |    25 |    98 |    13 |       |       ||   136
       Punch             |       |       |     2 |       |       ||     2
       Staff             |       |       |     2 |       |       ||     2
       Long sword        |       |       |       |       |    11 ||    11
 Cast: Ensorcelled Hiber |    11 |    24 |    63 |   126 |   217 ||   441
       Confusing Touch   |     1 |     1 |     7 |    13 |    65 ||    87
       Frozen Ramparts   |       |       |     1 |     1 |     4 ||     6
Invok: Lunge             |       |       |     8 |    48 |   109 ||   165
       Whirlwind         |       |       |       |     7 |   159 ||   166
       Serpent's Lash    |       |       |       |       |     6 ||     6
 Abil: Wall Jump         |       |       |       |       |     1 ||     1
Evoke: Wand              |       |       |     2 |     9 |     1 ||    12
       Condenser vane    |       |       |       |       |     2 ||     2
  Use: Scroll            |       |    14 |    10 |     6 |     3 ||    33
       Potion            |       |     1 |       |     5 |     2 ||     8
 Stab: Sleeping          |    22 |    17 |    69 |   115 |   153 ||   376
       Confused          |       |     2 |     2 |    11 |    55 ||    70
       Paralysed         |       |       |     1 |     1 |       ||     2
       Distracted        |       |       |       |     1 |     1 ||     2
       Petrified         |       |       |       |       |     2 ||     2
Armor: Robe              |    11 |    20 |    11 |       |    50 ||    92
       Steam dragon scal |       |       |       |   129 |   148 ||   277
       Leather armour    |       |       |       |       |    16 ||    16
Dodge: Dodged            |    60 |    70 |    62 |   153 |   518 ||   863
Block: Buckler           |       |       |    25 |   111 |   283 ||   419

Table legend: (Time is in decaauts)
 A = Elapsed time spent in this place.
 B = Non-inter-level travel time spent in this place.
 C = Inter-level travel time spent in this place.
 D = Time resting spent in this place.
 E = Time spent auto-exploring this place.
 F = Levels seen in this place.
 G = Mean time per level.
                   A        B        C        D        E       F      G
               +--------+--------+--------+--------+--------+-----+--------+
         Total |  24939 |  22785 |   2154 |   2925 |  14464 |  23 | 1084.3 |
       Dungeon |  13254 |  11831 |   1423 |   1125 |   8163 |  13 | 1019.5 |
        Temple |     73 |     54 |     19 |      0 |     50 |   1 |   73.0 |
          Lair |   7004 |   6531 |    473 |    554 |   4498 |   5 | 1400.8 |
  Orcish Mines |   2917 |   2679 |    238 |    698 |   1207 |   2 | 1458.5 |
       Ossuary |    457 |    457 |      0 |     45 |    296 |   1 |  457.0 |
      Ice Cave |   1231 |   1231 |      0 |    503 |    249 |   1 | 1231.0 |
               +--------+--------+--------+--------+--------+-----+--------+

Top non-repeatable levels by time:
  Lair:5: 1825 daAuts
  Lair:4: 1543 daAuts
   Orc:1: 1532 daAuts
     D:7: 1412 daAuts
     D:8: 1408 daAuts
    D:10: 1387 daAuts
   Orc:2: 1385 daAuts
     D:5: 1360 daAuts
     D:6: 1348 daAuts
  Lair:1: 1325 daAuts
     D:9: 1289 daAuts
  Lair:3: 1244 daAuts
   IceCv: 1231 daAuts
     D:4: 1177 daAuts
  Lair:2: 1065 daAuts
